 Dungeon Crawl Stone Soup version 0.26-a0-800-g517d6fe721 (webtiles) character file.

Game seed: 568874474183004527

594495 tzalcoatl the Meteorologist (level 25, -9/207 HPs)
             Began as a Yellow Draconian Air Elementalist on Nov 5, 2020.
             Was the Champion of Vehumet.
             Mangled by a death cob (30 damage)
             ... on level 5 of the Depths on Nov 11, 2020.
             The game lasted 23:02:11 (147912 turns).

tzalcoatl the Meteorologist (DrAE)                Turns: 147912, Time: 23:02:11

Health: -9/207     AC: 21    Str: 21    XL:     25   Next: 77%
Magic:  53/78      EV: 22    Int: 32    God:    Vehumet [******]
Gold:   3365       SH:  9    Dex: 10    Spells: 8/52 levels left

rFire    + + .     SeeInvis .   a - +9 spear of the Shining Light {elec, rN+ MP+9}
rCold    + + .     Faith    .   H - +3 buckler {rN+}
rNeg     + + .     Spirit   .   (armour unavailable)
rPois    +         Reflect  .   Z - +3 hat of Pondering {ponderous, MR+ MP+10 Int+5}
rElec    +         Harm     .   J - scarf {rC+ rF+}
rCorr    +         Rampage  .   Q - +2 pair of gloves of Fortification {rF+ rCorr Str+3 Stlth+}
MR       +++..     Clarity  +   L - +2 pair of boots {run}
Stlth    ++++++....             O - amulet of the Air {Inacc +Fly rElec EV+5 RMsl}
HPRegen  0.00/turn              K - ring "Retiamah" {rPois MR+ MP+9 Str+6 Int-3}
MPRegen  0.46/turn              i - ring of Fiejax {+Blink MP+9 Int+2 Slay+2}

@: lethally poisoned (-9 -> -15), tornado, flying (expiring), slowed, repel
missiles, very slow
A: spit acid, unfitting armour, clarity, clever 1, clumsy 1, cold resistance 1,
frail 1, poison resistance, inhibited regeneration, acidic bite, cold-blooded,
acid resistance, AC +12
}: 4/15 runes: decaying, barnacled, slimy, silver
a: Breathe Acid, Renounce Religion, Evoke Blink


You were on level 5 of the Depths.
You worshipped Vehumet.
Vehumet was exalted by your worship.
You visited 12 branches of the dungeon, and saw 54 of its levels.
You visited the Abyss 12 times.
You also visited: Trove and Gauntlet.

You collected 10769 gold pieces.
You spent 7404 gold pieces at shops.

Inventory:

Hand Weapons
 a - the +9 spear of the Shining Light (weapon) {elec, rN+ MP+9}
   (You found it on level 3 of the Elven Halls)

   Occasionally, upon striking a foe, it will discharge some electrical energy
   and cause terrible harm.
   It protects you from negative energy.
   It affects your magic capacity (+9).
 k - the +10 rapier of Dihoest {drain, rF+ MR+ Stlth+}
   (You took it off a necromancer on level 1 of the Depths)

   A truly terrible weapon, it drains the life of those it strikes.
   It protects you from fire.
   It affects your resistance to hostile enchantments.
   It makes you more stealthy.
 o - the +2 mace of the Lame Duck {holy, rElec rC+ Str+6}
   (You took it off a deep elf death mage on level 3 of the Elven Halls)

   It has been blessed by the Shining One to cause great damage to the undead
   and demons.
   It affects your strength (+6).
   It protects you from cold.
   It insulates you from electricity.
 w - the +6 hunting sling of Vyxkageeff {freeze, rF+ rC+ Str+3}
   (You found it on level 3 of the Elven Halls)

   It causes projectiles fired from it to freeze those they strike, causing
   extra injury to most foes and up to half again as much damage against
   particularly susceptible opponents.
   They can also slow down cold-blooded creatures.
   It affects your strength (+3).
   It protects you from fire.
   It protects you from cold.
 T - the +2 trident of Baimirph {vorpal, SInv}
   (You took it off a spriggan rider on level 2 of the Swamp)

   It inflicts extra damage upon your enemies.
   It lets you see invisible.
Missiles
 e - 223 sling bullets
Armour
 s - a +2 kite shield
 H - a +3 buckler of positive energy (worn)
 J - a scarf of resistance (worn)
 L - a +2 pair of boots of running (worn)
 Q - the +2 pair of gloves of Fortification (worn) {rF+ rCorr Str+3 Stlth+}
   (You found it in a Gauntlet)

   It affects your strength (+3).
   It protects you from fire.
   It provides partial protection from all sources of acid and corrosion.
   It makes you more stealthy.
 Y - the +2 ratskin cloak {*Rats rPois rN+ Str-1 Int-1 Dex+1}
   (You found it on level 2 of the Swamp)

   It affects your strength (-1).
   It affects your intelligence (-1).
   It affects your dexterity (+1).
   It protects you from poison.
   It protects you from negative energy.
 Z - the +3 hat of Pondering (worn) {ponderous, MR+ MP+10 Int+5}
   (You acquired it on level 1 of the Vaults)

   It affects your intelligence (+5).
   It affects your resistance to hostile enchantments.
   It affects your magic capacity (+10).
Magical Staves
 b - an uncursed staff of air
Jewellery
 d - an uncursed ring of wizardry
 i - the ring of Fiejax (right hand) {+Blink MP+9 Int+2 Slay+2}
   (You found it on level 3 of the Elven Halls)

   [ring of magical power]

   It affects your intelligence (+2).
   It affects your accuracy and damage with ranged weapons and melee attacks
   (+2).
   It affects your magic capacity (+9).
   It lets you blink.
 C - an uncursed ring of protection from fire
 K - the ring "Retiamah" (left hand) {rPois MR+ MP+9 Str+6 Int-3}
   (You found it on level 5 of the Pits of Slime)

   [ring of protection from magic]

   It affects your strength (+6).
   It affects your intelligence (-3).
   It protects you from poison.
   It affects your resistance to hostile enchantments.
   It affects your magic capacity (+9).
 M - an uncursed amulet of magic regeneration
 O - the amulet of the Air (around neck) {Inacc +Fly rElec EV+5 RMsl}
   (You found it in a Gauntlet)

   [amulet of inaccuracy]

   It reduces the accuracy of all your attacks.
   It affects your evasion (+5).
   It insulates you from electricity.
   It lets you fly.
   It protects you from missiles.
 R - an uncursed ring of protection from cold
Wands
 v - a wand of disintegration (98)
 z - a wand of paralysis (32)
 F - a wand of enslavement (25)
 S - a wand of digging (11)
 U - a wand of iceblast (34)
 W - a wand of acid (26)
Scrolls
 c - 12 scrolls of immolation
 g - 21 scrolls of magic mapping
 h - 17 scrolls of teleportation
 l - 11 scrolls of identify
 t - 3 scrolls of blinking
 y - 3 scrolls of silence
 A - 8 scrolls of holy word
 D - 6 scrolls of fog
 N - 7 scrolls of fear
 P - 2 scrolls of summoning
Potions
 f - 9 potions of haste
 m - 6 potions of might
 n - 13 potions of curing
 B - 7 potions of magic
 E - 6 potions of mutation
 G - 5 potions of resistance
 I - 5 potions of cancellation
 V - 7 potions of brilliance
Miscellaneous
 p - a condenser vane
 q - a lightning rod (4/4)
 r - a tin of tremorstones (2/2)
 u - a box of beasts
 X - a phantom mirror


   Skills:
 - Level 20.0 Fighting
 - Level 4.0 Maces & Flails
 - Level 2.0 Polearms
 - Level 3.0 Slings
 - Level 11.0 Dodging
 + Level 14.4 Stealth
 + Level 10.5 Shields
 + Level 14.4 Spellcasting
 - Level 10.0 Conjurations
 - Level 14.0 Summonings
 O Level 27 Air Magic
   Level 6.0 Invocations
 - Level 14.0 Evocations


You had 8 spell levels left.
You knew the following spells:

 Your Spells              Type           Power        Failure   Level
a - Static Discharge      Conj/Air       #######.     0%          3
b - Shadow Creatures      Summ           N/A          1%          6
c - Freezing Cloud        Conj/Ice/Air   #######...   1%          6
d - Lightning Bolt        Conj/Air       #######...   1%          5
e - Mephitic Cloud        Conj/Pois/Air  #######.     1%          3
g - Airstrike             Air            ########..   0%          4
j - Poisonous Vapours     Pois/Air       ######       0%          2
k - Swiftness             Air            ########     0%          2
l - Summon Lightning Spi  Summ/Air       ########     0%          4
t - Tornado               Air            ########..   1%          9

Your spell library contained the following spells:

 Spells                   Type           Power        Failure   Level
 Lehudib's Crystal Spear  Conj/Erth      ######....   97%         8
 Absolute Zero            Ice            ###.......   100%        9
 Fire Storm               Conj/Fire      ######....   100%        9
 Shock                    Conj/Air       ####         0%          1
 Summon Small Mammal      Summ           ####         0%          1
 Call Imp                 Summ           #######.     0%          2
 Corpse Rot               Necr/Air       N/A          0%          2
 Animate Skeleton         Necr           ###...       1%          1
 Apportation              Tloc           ###...       1%          1
 Beastly Appendage        Tmut           ###...       1%          1
 Corona                   Hex            ###....      1%          1
 Foxfire                  Conj/Fire      ####         1%          1
 Freeze                   Ice            ###.         1%          1
 Magic Dart               Conj           ####         1%          1
 Pain                     Necr           ###.         1%          1
 Sandblast                Erth           ###...       1%          1
 Sting                    Tmut/Pois      ###.         1%          1
 Searing Ray              Conj           ######       1%          2
 Call Canine Familiar     Summ           #######.     1%          3
 Conjure Flame            Conj/Fire      ######..     1%          3
 Dazzling Flash           Conj/Hex       ######       1%          3
 Frozen Ramparts          Ice            ###...       1%          3
 Ignite Poison            Fire/Tmut/Pois ###.....     1%          3
 Inner Flame              Hex/Fire       ###.....     1%          3
 Stone Arrow              Conj/Erth      ######       1%          3
 Summon Guardian Golem    Hex/Summ       ######..     1%          3
 Fulminant Prism          Conj/Hex       ######....   1%          4
 Hailstorm                Conj/Ice       ######..     1%          4
 Iskenderun's Mystic Bla  Conj/Tloc      ######..     1%          4
 Sticky Flame             Conj/Fire      ######..     1%          4
 Summon Ice Beast         Ice/Summ       ######..     1%          4
 Fireball                 Conj/Fire      ######....   1%          5
 Irradiate                Conj/Tmut      ######....   1%          5
 Iskenderun's Battlesphe  Conj           ######..     1%          5
 Silence                  Hex/Air        #######...   1%          5
 Summon Demon             Summ           #######...   1%          5
 Conjure Ball Lightning   Conj/Air       #######...   1%          6
 Chain Lightning          Conj/Air       #######...   1%          8
 Blink                    Tloc           N/A          3%          2
 Ensorcelled Hibernation  Hex/Ice        ###...       3%          2
 Passwall                 Tmut/Erth      ###.....     3%          2
 Slow                     Hex            ###.....     3%          2
 Sublimation of Blood     Necr           ###.......   3%          2
 Wereblood                Tmut           ###.....     3%          2
 Summon Forest            Summ/Tloc      ######....   3%          5
 Summon Mana Viper        Hex/Summ       ######..     3%          5
 Spellforged Servitor     Conj/Summ      #######...   3%          7
 Bolt of Magma            Conj/Fire/Erth #####.....   4%          5
 Olgreb's Toxic Radiance  Pois           ###.....     5%          4
 Monstrous Menagerie      Summ           #######...   5%          7
 Summon Greater Demon     Summ           #######...   5%          7
 Summon Hydra             Summ           #######...   5%          7
 Confusing Touch          Hex            ###.....     6%          3
 Gell's Gravitas          Tloc           ###.......   6%          3
 Lesser Beckoning         Tloc           ###.......   6%          3
 Ozocubu's Armour         Ice            ###.....     6%          3
 Portal Projectile        Hex/Tloc       ###...       6%          3
 Spider Form              Tmut/Pois      ###.......   6%          3
 Teleport Other           Tloc           ###.....     6%          3
 Tukima's Dance           Hex            ###.....     6%          3
 Vampiric Draining        Necr           ###.......   6%          3
 Orb of Destruction       Conj           ######....   7%          7
 Iron Shot                Conj/Erth      ######....   11%         6
 Lee's Rapid Deconstruct  Erth           ###.......   14%         5
 Yara's Violent Unravell  Hex/Tmut       ###.......   14%         5
 Animate Dead             Necr           ###.......   19%         4
 Cause Fear               Hex            ###.......   19%         4
 Ice Form                 Ice/Tmut       ###.....     19%         4
 Leda's Liquefaction      Hex/Erth       ###.......   19%         4
 Passage of Golubria      Tloc           N/A          19%         4
 Petrify                  Tmut/Erth      ###.....     19%         4
 Summon Horrible Things   Summ           #######...   38%         8
 Agony                    Necr           ###.....     47%         5
 Alistair's Intoxication  Tmut/Pois      ###......    47%         5
 Blade Hands              Tmut           ###.......   47%         5
 Borgnjor's Vile Clutch   Necr/Erth      ###.......   47%         5
 Metabolic Englaciation   Hex/Ice        ###.......   47%         5
 Ozocubu's Refrigeration  Ice            ###.......   56%         6
 Malign Gateway           Summ/Tloc      ######....   67%         7
 Dispersal                Tloc           ###.......   96%         6
 Eringya's Noxious Bog    Tmut/Pois      ###.......   96%         6
 Hydra Form               Tmut           ###.......   96%         6
 Invisibility             Hex            ###.....     96%         6
 Simulacrum               Ice/Necr       ###.......   96%         6
 Statue Form              Tmut/Erth      ###......    96%         6
 Dragon Form              Tmut           ###.......   100%        7
 Discord                  Hex            ###.......   100%        8
 Ignition                 Fire           ###.......   100%        8
 Dragon's Call            Summ           #######...   99%         9
 Shatter                  Erth           ###.......   100%        9


Dungeon Overview and Level Annotations

Branches:
Dungeon (15/15)            Temple (1/1) D:6            Lair (6/6) D:8
  Swamp (4/4) Lair:3       Shoals (4/4) Lair:4        Slime (5/5) Lair:5
    Orc (2/2) D:12            Elf (3/3) Orc:2        Vaults (5/5) D:13
  Crypt (3/3) Vaults:3       Tomb (0/3) Crypt:3      Depths (5/5) D:15
    Zot (1/5) Depths:5    Gauntlet (visited)

Altars:
Ashenzari
Cheibriados
Dithmenos
Elyvilon
Fedhas
Gozag
Hepliaklqana
Kikubaaqudgha
Makhleb
Nemelex Xobeh
Okawaru
Qazlal
Ru
Sif Muna
Trog
Uskayaw
Vehumet
Wu Jian
Xom
Yredelemnul
Zin
The Shining One
Beogh
Jiyva

Shops:
D:8 ?   Orc:2 [*(=   Elf:2 =   Elf:3 }=}   Shoals:2 =   Vaults:2 *   Vaults:4 [
Vaults:5 !???!!   Crypt:2 *   Depths:5 [(

Portals:
Hell: Depths:1 Depths:2 Depths:3 Depths:4 Depths:5
Abyss: Depths:1 Depths:4 Depths:5
Pandemonium: Depths:3 Depths:4
Ziggurat: Depths:2

Annotations:
Orc:1 2 transporters, mhtbhm's ghost, journeyman MiBe
Depths:4 1 runed translucent door


Innate Abilities, Weirdness & Mutations

You can spit globs of acid.
Your golden yellow scales are hard. (AC +12)
You cannot fit into any form of body armour.
You have acidic saliva.
You are cold-blooded and may be slowed by cold attacks.
You are resistant to acid. (rCorr)
You possess an exceptional clarity of mind.
Your mind is acute. (Int +2)
You are clumsy. (Dex -2)
Your flesh is cold resistant. (rC+)
You are frail. (-10% HP)
Your system is resistant to poisons. (rPois)
You do not regenerate when monsters are visible.


Message History

You feel sick. The death cob misses you. The death cob hits you!
* * * LOW HITPOINT WARNING * * *
The death cob drains your vigour!
You feel as though you will be slow longer.
You block the death cob's attack.
The death cob hits you but does no damage.
You feel much better.
You feel sick. The death cob completely misses you.
You block the death cob's attack. x2
The red draconian scorcher barely misses you.
The death cob hits you!!
* * * LOW HITPOINT WARNING * * *
You feel much better.
You kill the red draconian scorcher!
Vehumet accepts your kill.
Your life force feels restored.
The death cob hits you!
* * * LOW HITPOINT WARNING * * *
The death cob hits you but does no damage.
The death cob hits you!!
You die...

....##.Dqd.##......########.#.###
###.##..§z.##....................
#.##.....#######.######.#......
###.###...### #.# #..##....
...##......§## #.# #..#.#...
####.......§§## #.# #...#.##.
##........§§§####§######....##.#
##..^......§§§§##z§#.........#.#.
...........§§§§§@§§#..........#.#
........⌠..§§§§§§d§#...........##
#..........§§§§§§§§#.............
##.........§§§§§§§§#.............
.#.#.##....§§§§§§§§#...........##
)....#####.§§§§§§§§§.........(#.#
...#.....+....)(...#.........#.#.
#...##############'#.........##.#
##...# #.........#####....#.##.


You could see a red draconian and a death cob.

Vanquished Creatures
  the Royal Jelly (Slime:5)
  2 ancient liches
  2 juggernauts
  Boris (Vaults:3)
  2 golden dragons
  The ghost of Waammiq the Devastator, a veteran GrEE of Lugonu (Crypt:2)
  A profane servitor (Crypt:1)
  6 bone dragons
  5 tentacled monstrosities
  9 liches
  A hellephant (Depths:5)
  A Hell Sentinel (Abyss:1)
  2 titans (Vaults:5)
  A deep elf blademaster (Depths:2)
  18 tentacled starspawn
  A kraken (Shoals:2)
  An ancient champion (Crypt:2)
  17 acid blobs
  3 tengu reavers (Vaults:5)
  A storm dragon (Vaults:4)
  A sphinx (Vaults:5)
  3 shadow dragons
  12 azure jellies
  4 fire giants
  A draconian scorcher (Depths:5)
  The ghost of Schnaeble the Warrior, a journeyman MiBe of Trog (Swamp:2)
  7 vault wardens
  2 draconian shifters (Abyss:4)
  4 deep elf sorcerers
  A ghost moth (Depths:4)
  2 orc warlords
  2 balrugs
  2 frost giants
  An iron dragon (Depths:2)
  An angel (Abyss:3)
  2 deep elf elementalists (Elf:3)
  4 curse skulls
  A cacodemon (Abyss:3)
  A spriggan defender (Depths:3)
  8 very ugly things
  2 war gargoyles (Vaults:5)
  3 ironheart preservers
  5 ghouls (Crypt:1)
  3 reapers (Crypt:3)
  2 entropy weavers
  2 ophanim (Abyss:1)
  2 stone giants (Depths:4)
  7 vampire knights
  3 lorocyprocas
  A deep elf annihilator (Elf:3)
  3 deep elf demonologists
  A green draconian (Abyss:1)
  2 bunyips
  A red draconian (Abyss:1)
  A bunyip (shapeshifter) (Depths:2)
  4 spark wasps
  A purple draconian (Abyss:1)
  2 white draconians (Depths:5)
  3 deep elf death magi
  10 death oozes
  A crystal guardian (Abyss:2)
  15 eidola
  2 eleionomae
  4 merfolk impalers
  4 fire dragons
  A mummy priest (Crypt:3)
  2 quicksilver dragon zombies
  6 yaktaur captains
  A merfolk javelineer (Shoals:3)
  7 ogre magi
  6 jiangshi
  2 rakshasas
  4 ice dragons
  13 great orbs of eyes
  3 deep elf high priests
  27 vault guards
  12 hydras
  6 boulder beetles
  2 spriggan air magi
  A ghost crab (Swamp:3)
  7 centaur warriors
  2 catoblepae
  2 merfolk aquamancers
  3 merfolk avatars
  2 dancing weapons (Elf:3)
  A tengu warrior (Depths:3)
  A death knight (Vaults:3)
  4 alligators
  8 vampire magi
  5 hell hogs
  8 two-headed ogres
  2 deep troll shamans (Depths:3)
  Urug (D:9)
  3 orc high priests
  2 death yaks
  4 thrashing horrors (Abyss:2)
  3 deep troll earth magi
  A queen ant (Gauntlet)
  11 hell knights
  A goliath frog (Swamp:2)
  5 sun demons
  Sonja (D:13)
  A storm dragon zombie (Crypt:3)
  90 slime creatures
  A deep elf knight (Vaults:4)
  3 shadow wraiths
  A salamander mystic (Depths:5)
  20 wretched stars
  8 soul eaters
  A titan skeleton (Crypt:3)
  4 sea snakes
  An unseen horror (D:10)
  A golden dragon zombie (Crypt:3)
  4 swamp dragons
  10 skeletal warriors
  4 spatial maelstroms
  An anaconda zombie (Crypt:2)
  7 flayed ghosts
  4 sixfirhies
  A shadow demon (Abyss:3)
  3 glowing orange brains
  A spriggan druid (Swamp:1)
  5 deep trolls
  A wizard (Vaults:2)
  3 deep elf archers
  A death drake (Abyss:1)
  14 ironbrand convokers
  A ghost moth zombie (Crypt:3)
  An obsidian statue (Crypt:2)
  An orange crystal statue (Depths:1)
  A glowing orange brain (shapeshifter) (Depths:4)
  Pikel (D:7)
  2 wolf spider zombies
  An orc knight (Vaults:4)
  4 harpies
  15 necromancers
  16 phantasmal warriors
  A mana viper (shapeshifter) (Abyss:1)
  6 shining eyes
  10 ugly things
  2 draconians (Abyss:4)
  4 manticores
  A shadow dragon skeleton (Crypt:2)
  6 orc sorcerers
  3 frost giant zombies (Crypt:3)
  A sphinx skeleton (Vaults:5)
  A fire giant zombie (Crypt:3)
  2 fauns
  29 deep elf magi
  5 wolf spiders (Crypt:3)
  A cyclops (D:15)
  8 worldbinders
  A cyclops (shapeshifter) (Depths:4)
  3 salamanders
  6 merfolk sirens
  2 will-o-the-wisps
  10 elephants
  A stone giant skeleton (Crypt:3)
  Joseph (D:7)
  6 vault sentinels
  A naga mage (Abyss:3)
  A frost giant skeleton (Crypt:3)
  3 water nymphs
  7 apocalypse crabs
  2 eyes of devastation (shapeshifter)
  A rust devil (Abyss:3)
  7 cane toads
  5 smoke demons
  A centaur zombie (D:14)
  3 black mambas
  A guardian serpent (Abyss:3)
  4 eyes of devastation
  A dire elephant skeleton (Crypt:3)
  6 orange demons
  Psyche (D:8)
  A komodo dragon (shapeshifter) (D:15)
  15 yaktaurs
  A rime drake (shapeshifter) (Vaults:1)
  4 efreet
  A white draconian zombie (Crypt:2)
  13 freezing wraiths
  4 komodo dragons
  3 hellions
  A tormentor (Abyss:4)
  An ice devil (Abyss:1)
  12 ancient zymes
  2 demonic crawlers
  A guardian mummy (Crypt:3)
  5 polar bears
  15 hellwings
  2 jumping spiders (Crypt:3)
  4 trolls
  A red devil (Abyss:1)
  9 tyrant leeches
  A catoblepas skeleton (Abyss:2)
  A silent spectre (Abyss:3)
  A wolf spider simulacrum (Abyss:2)
  7 wind drakes
  3 merfolk
  32 raiju
  A harpy zombie (Crypt:3)
  11 hornets
  2 hydra zombies
  2 harpy skeletons
  A jumping spider zombie (Crypt:1)
  A fire dragon zombie (Crypt:1)
  10 blink frogs
  6 dream sheep
  A hydra skeleton (Crypt:3)
  2 ettin zombies (Crypt:3)
  An air elemental (Elf:3)
  2 alligator skeletons (Crypt:3)
  A meliai zombie (Crypt:1)
  A spriggan (shapeshifter) (Vaults:4)
  8 wraiths
  10 flying skulls
  2 redbacks (Crypt:3)
  An ettin skeleton (Crypt:3)
  10 water elementals
  A wyvern (Lair:5)
  A redback (shapeshifter) (D:14)
  8 spriggans
  40 large abominations
  12 yaks
  3 shadows
  2 vampires
  Sigmund (D:4)
  15 ynoxinuls
  2 battlemagi (Elf:2)
  10 fire bats
  31 golden eyes
  A hog (Shoals:3)
  13 chaos spawn
  A warg (Depths:1)
  8 neqoxecs
  10 vampire mosquitoes
  5 spatial vortices
  6 swamp worms
  2 acid dragons
  7 water moccasins
  11 insubstantial wisps
  A swamp worm (shapeshifter) (Depths:4)
  A floating eye (shapeshifter) (Depths:3)
  A hell hound (Depths:5)
  A hydra simulacrum (Lair:3)
  2 nameless horrors
  A water nymph skeleton (Crypt:2)
  13 orc warriors
  A swamp drake (shapeshifter) (Vaults:5)
  2 ice beasts
  5 swamp drakes
  4 sky beasts
  A black bear (shapeshifter) (Vaults:5)
  2 black bears
  2 phantoms
  An elephant zombie (Crypt:1)
  An ettin simulacrum (Vaults:4)
  2 necrophages (Crypt:1)
  A sky beast (shapeshifter) (Elf:3)
  A snapping turtle zombie (Crypt:3)
  4 boggarts (Depths:1)
  A boulder beetle simulacrum (Lair:3)
  7 eyes of draining
  16 ogres
  12 wolves
  A black mamba simulacrum (Lair:3)
  2 snapping turtle skeletons
  5 centaurs
  2 wyvern zombies
  14 bullfrogs
  A bullfrog (shapeshifter) (Vaults:5)
  Dowan (D:6)
  A human simulacrum (Depths:1)
  8 wyvern skeletons (Crypt:3)
  35 small abominations
  A scorpion (D:14)
  A blink frog simulacrum (Lair:3)
  10 killer bees
  A troll zombie (Abyss:1)
  2 electric eels (Lair:6)
  11 wights
  A howler monkey (D:12)
  A howler monkey (shapeshifter) (Vaults:5)
  3 crimson imps
  A bullfrog zombie (D:9)
  33 starcursed masses
  8 quasits
  5 hounds
  A human zombie (Crypt:3)
  5 iron imps
  A jelly (D:9)
  3 centaur skeletons
  16 orc priests
  A human skeleton (Crypt:3)
  13 orc wizards
  3 iguanas
  6 worker ants
  A polar bear simulacrum (Lair:4)
  A yak simulacrum (Lair:4)
  A killer bee zombie (D:6)
  3 wolf simulacra (Lair:4)
  A naga skeleton (Crypt:2)
  A hound skeleton (D:6)
  3 mummies
  A worker ant zombie (D:10)
  13 adders
  7 gnolls
  3 shadow imps
  13 white imps
  13 ufetubi
  An ooze (D:4)
  An adder zombie (D:7)
  4 worms
  2 dart slugs
  3 leopard geckos
  79 orcs
  A ball python (D:4)
  7 giant cockroaches
  12 hobgoblins
  18 jackals
  7 quokkas
  14 bats
  4 frilled lizards
  A gnoll skeleton (Crypt:2)
  6 goblins
  9 kobolds
  A leopard gecko skeleton (Crypt:1)
  A leopard gecko zombie (D:5)
  5 rats
  A rat skeleton (Crypt:1)
  2 river rat simulacra (Lair:4)
  A fire vortex (Depths:5)
  A foxfire (Shoals:4)
  3 lurking horrors
  20 starspawn tentacles
  2 tentacles (Shoals:2)
1727 creatures vanquished.

Vanquished Creatures (collateral kills)
  Mara (Shoals:4)
  The ghost of quaternion the Impregnable, a veteran MiFi of Makhleb (Vaults:3)
  Saint Roka (Depths:2)
  Xtahua (Crypt:3)
  4 golden dragons
  Nikola (Swamp:3)
  5 bone dragons (Abyss:1)
  6 liches
  2 hellephants
  7 tentacled monstrosities
  5 titans
  Asterion (Elf:3)
  2 deep elf master archers (Elf:3)
  2 deep elf blademasters (Elf:3)
  5 tentacled starspawn
  6 acid blobs
  A quicksilver dragon (Depths:2)
  Frances (Swamp:1)
  Polyphemus (Shoals:3)
  4 ancient champions
  Kirke (Shoals:4)
  2 krakens
  5 sphinxes
  2 tengu reavers (Vaults:5)
  Gastronok (Lair:2)
  2 shadow dragons (Vaults:5)
  A daeva (Abyss:1)
  Roxanne (Shoals:2)
  3 storm dragons
  Donald (Shoals:3)
  Ilsuiw (Shoals:2)
  3 azure jellies
  A ghost moth (Abyss:2)
  10 fire giants
  2 draconian knights
  10 frost giants
  9 vault wardens
  A balrug (Abyss:1)
  A draconian scorcher (Depths:5)
  8 deep elf sorcerers
  3 iron dragons
  A cacodemon (Abyss:1)
  Aizul (Shoals:3)
  4 ghouls
  2 orc warlords
  An emperor scorpion (shapeshifter) (Depths:3)
  2 deep elf elementalists
  4 ironheart preservers
  6 spriggan defenders
  11 very ugly things
  A reaper (Crypt:3)
  16 stone giants
  2 entropy weavers
  2 purple draconians (Depths:5)
  7 deep elf demonologists
  A black draconian (Depths:5)
  2 vampire knights
  A white draconian (Depths:5)
  A dire elephant (Lair:2)
  A bunyip (Swamp:1)
  A lorocyproca (Abyss:1)
  A minotaur (Gauntlet)
  2 eidola (Vaults:3)
  2 merfolk javelineers (Shoals:4)
  3 deep elf annihilators
  3 spark wasps (Depths:4)
  2 eleionomae (Swamp:2)
  11 ettins
  The ghost of Ixoagrun the Bludgeoner, a journeyman MiFi of Okawaru (Lair:2)
  6 deep elf death magi
  6 deep elf high priests
  11 ogre magi
  5 merfolk impalers
  10 fire dragons
  2 green deaths
  8 yaktaur captains
  3 great orbs of eyes
  A shambling mangrove (Swamp:4)
  3 jiangshi
  4 boulder beetles
  6 rakshasas
  A naga warrior (Abyss:3)
  5 ice dragons
  A vault guard (Vaults:4)
  13 hydras
  2 catoblepae
  3 merfolk aquamancers
  12 centaur warriors
  2 ghost crabs
  4 spriggan air magi
  A death knight (Vaults:3)
  A merfolk avatar (Shoals:4)
  An alligator snapping turtle (shapeshifter) (Depths:2)
  22 dancing weapons
  12 death yaks
  2 deep troll shamans
  33 two-headed ogres
  An alligator snapping turtle (Shoals:4)
  5 alligators
  10 thrashing horrors
  6 deep troll earth magi
  2 tengu warriors (Depths:1)
  4 vampire magi
  A soul eater (Depths:3)
  A titan zombie (Crypt:3)
  2 goliath frogs (Swamp:1)
  A goliath frog (shapeshifter) (Depths:4)
  4 orc high priests
  3 sun demons
  3 spriggan berserkers
  6 wretched stars
  A shadow wraith (Vaults:3)
  13 skeletal warriors
  A fire crab (shapeshifter) (D:15)
  20 deep elf knights
  11 hell knights
  2 iron trolls
  A salamander mystic (Depths:4)
  7 sea snakes
  8 glowing orange brains
  5 spriggan druids
  2 spatial maelstroms (Abyss:1)
  3 unseen horrors
  5 swamp dragons
  4 wizards
  3 flayed ghosts
  A shadow demon (Depths:3)
  2 bog bodies
  24 deep elf archers
  7 deep trolls
  4 phantasmal warriors
  A lindwurm (Lair:6)
  14 orc knights
  11 ironbrand convokers
  A wolf spider zombie (Crypt:2)
  13 harpies
  A harpy (shapeshifter) (Depths:2)
  10 necromancers
  2 iron dragon zombies
  A wolf spider (Vaults:1)
  60 deep elf magi
  A mana viper (shapeshifter) (Depths:5)
  2 stone giant zombies
  34 ugly things
  4 fauns (Shoals:1)
  A frost giant zombie (Vaults:5)
  A faun (shapeshifter) (Vaults:3)
  7 manticores
  6 orc sorcerers
  A fire giant zombie (Vaults:4)
  2 salamanders
  A worldbinder (Abyss:2)
  A centaur zombie (D:13)
  2 naga magi (Abyss:2)
  A ball lightning (Depths:3)
  6 cyclopes
  An elephant (shapeshifter) (Vaults:4)
  6 black mambas
  20 elephants
  A rust devil (Depths:3)
  A human skeleton (Vaults:4)
  A water nymph (shapeshifter) (Depths:2)
  A shock serpent zombie (Crypt:2)
  8 vault sentinels
  An eye of devastation (shapeshifter) (D:15)
  4 apocalypse crabs
  2 guardian serpents
  5 merfolk sirens
  A titan simulacrum (Vaults:5)
  4 water nymphs
  7 smoke demons
  A gargoyle (D:7)
  2 torpor snails
  4 orange demons
  A spriggan skeleton (Depths:1)
  22 cane toads
  3 spriggan zombies (Depths:1)
  2 hellions (Depths:5)
  2 rime drakes (shapeshifter)
  7 komodo dragons
  A kobold demonologist (D:13)
  12 small abominations
  25 yaktaurs
  2 freezing wraiths
  3 human zombies
  3 rime drakes
  A red devil (Depths:3)
  2 hellwings (Abyss:1)
  2 tengu conjurers
  4 efreet
  18 large abominations
  23 merfolk
  A yaktaur skeleton (Depths:1)
  A jumping spider (shapeshifter) (Abyss:2)
  An ancient zyme (Abyss:1)
  2 trolls
  A polar bear (Lair:5)
  A wolf spider simulacrum (Abyss:1)
  9 hornets
  Grinder (D:6)
  Prince Ribbit (D:7)
  6 tyrant leeches
  A tengu simulacrum (Vaults:3)
  34 slime creatures
  A raiju (shapeshifter) (Depths:2)
  28 blink frogs
  26 raiju
  A shadow dragon simulacrum (Abyss:1)
  A fire dragon zombie (Crypt:3)
  A dream sheep (Shoals:4)
  A redback (Vaults:3)
  7 snapping turtles
  A spriggan (shapeshifter) (Vaults:1)
  3 ynoxinuls
  A deep troll skeleton (Depths:1)
  13 water elementals
  9 spriggans
  A yak (shapeshifter) (Abyss:1)
  2 shadows
  A vampire (D:8)
  30 yaks
  An alligator skeleton (Crypt:2)
  5 air elementals
  2 hogs (Shoals:4)
  A fire bat (Abyss:1)
  5 wraiths
  4 wyverns
  A hog (shapeshifter) (Depths:2)
  4 basilisks
  4 fire elementals
  10 neqoxecs
  3 steam dragons
  4 vampire mosquitoes
  A yaktaur simulacrum (Depths:1)
  A chaos spawn (Abyss:3)
  Edmund (D:6)
  12 swamp worms
  4 wargs
  5 soldier ants (Gauntlet)
  An acid dragon (Vaults:1)
  2 hydra simulacra
  3 nagas
  10 water moccasins
  A deep troll zombie (Vaults:4)
  Duvessa (D:6)
  4 swamp drakes
  2 ice beasts (shapeshifter)
  An eye of draining (shapeshifter) (Vaults:2)
  4 hell hounds
  26 orc warriors
  3 ice beasts
  A sky beast (D:11)
  2 black bears
  A hornet zombie (D:10)
  A phantom (D:8)
  An eye of draining (Abyss:1)
  26 starcursed masses
  21 ogres
  An ogre (shapeshifter) (Vaults:1)
  An ettin simulacrum (Vaults:4)
  18 wolves
  A necrophage (Crypt:2)
  A boggart (shapeshifter) (Depths:2)
  5 boggarts
  5 centaurs
  A lemure (D:7)
  2 big kobolds
  18 bullfrogs
  3 earth elementals
  A scorpion (D:10)
  A water moccasin skeleton (D:7)
  A troll zombie (Crypt:1)
  A killer bee (shapeshifter) (Vaults:5)
  22 wights
  6 killer bees
  8 nameless horrors
  5 howler monkeys
  A crimson imp (Abyss:2)
  A bullfrog zombie (D:10)
  2 water moccasin simulacra (Lair:3)
  A jelly (D:12)
  5 quasits
  15 orc priests
  2 centaur skeletons
  2 hounds
  An iron imp (Abyss:2)
  19 orc wizards
  2 iguanas (D:8)
  6 hell rats (Lair:4)
  3 worker ants
  A yak simulacrum (Lair:4)
  2 polar bear simulacra (Lair:4)
  2 killer bee zombies
  A big kobold skeleton (Crypt:2)
  A hound skeleton (D:8)
  A howler monkey zombie (D:8)
  4 worker ant zombies
  4 adders
  4 shadow imps
  2 white imps
  5 ufetubi
  An adder zombie (D:6)
  An adder skeleton (D:8)
  A worm (D:6)
  54 orcs
  2 jackals
  4 kobolds
  2 quokkas
  A river rat simulacrum (Lair:4)
  2 crawling corpses
  31 foxfires
  6 starspawn tentacles
  4 tentacles
1619 creatures vanquished.

Vanquished Creatures (others)
  A lich (Depths:4)
  A vault warden (Vaults:5)
  A wretched star (Abyss:1)
  A deep elf knight (Elf:1)
  A wizard (Depths:1)
  An anaconda skeleton (Crypt:2)
  A necromancer (Depths:3)
  A deep elf mage (Elf:3)
  A will-o-the-wisp (Swamp:2)
  2 bloated husks
  49 ball lightnings
  A dream sheep (Shoals:4)
  2 ynoxinuls (Abyss:1)
  2 chaos spawn
  A neqoxec (Abyss:3)
  A cane toad zombie (Abyss:1)
  A centaur (Vaults:4)
  A small abomination (Abyss:1)
  A quasit (Abyss:1)
  A starcursed mass (Abyss:3)
  An orc priest (Vaults:4)
  An orc wizard (Vaults:4)
  89 battlemagi
  2 ancestors
  2 nameless horrors
  A bush (Lair:6)
  1585 foxfires
  155 fungi
  4 lurking horrors
  365 plants
  95 starspawn tentacles
  15 tentacles
  32 withered plants
2418 creatures vanquished.

Grand Total: 5764 creatures vanquished

Notes
Turn   | Place    | Note
-------+----------+-------------------------------------------
     0 | D:1      | tzalcoatl the Draconian Air Elementalist began the quest
                  | for the Orb.
     0 | D:1      | Reached XP level 1. HP: 14/14 MP: 3/3
   199 | D:1      | Reached XP level 2. HP: 20/20 MP: 1/5
   303 | D:1      | Found a sparkling altar of Nemelex Xobeh.
   590 | D:1      | Learned a level 2 spell: Swiftness
   745 | D:2      | Reached XP level 3. HP: 27/27 MP: 1/6
  1143 | D:2      | Reached skill level 1 in Fighting
  1261 | D:2      | Reached XP level 4. HP: 28/35 MP: 5/8
  1506 | D:2      | You fall into a shaft and drop 1 floor!
  2150 | D:3      | Reached XP level 5. HP: 38/40 MP: 3/9
  2565 | D:3      | Found a blossoming altar of Fedhas.
  2708 | D:3      | Reached skill level 4 in Air Magic
  3261 | D:4      | Noticed an ogre
  3289 | D:4      | Killed an ogre
  3289 | D:4      | Reached XP level 6. HP: 35/48 MP: 2/11
  3982 | D:4      | Your scales start taking on a golden yellow colour.
  3982 | D:4      | Reached XP level 7. HP: 55/56 MP: 8/13
  3982 | D:4      | Gained mutation: You are resistant to acid. (rCorr) [Yellow
                  | Draconian growth]
  4182 | D:4      | Noticed Sigmund
  4191 | D:4      | Killed Sigmund
  4585 | D:5      | Entered Level 5 of the Dungeon
  4617 | D:5      | Reached skill level 5 in Air Magic
  4979 | D:5      | Learned a level 3 spell: Static Discharge
  4984 | D:5      | Learned a level 4 spell: Airstrike
  5022 | D:5      | Found a hazy altar of Hepliaklqana.
  5036 | D:5      | Learned a level 3 spell: Stone Arrow
  5101 | D:5      | Became a worshipper of Hepliaklqana the Forgotten
  5551 | D:5      | Found a shimmering blue altar of Sif Muna.
  5564 | D:5      | Reached skill level 5 in Spellcasting
  5777 | D:6      | Reached XP level 8. HP: 36/59 MP: 9/15
  5900 | D:6      | Found a staircase to the Ecumenical Temple.
  6050 | D:6      | Reached * piety under Hepliaklqana
  6236 | D:6      | Noticed Grinder
  6592 | D:6      | Reached skill level 5 in Fighting
  6645 | D:6      | Reached skill level 1 in Invocations
  6730 | D:6      | Reached skill level 6 in Air Magic
  6775 | D:6      | Killed Grinder
  6846 | D:6      | Found a stormy altar of Qazlal.
  6900 | D:6      | Noticed Dowan
  6902 | D:6      | Noticed Duvessa
  6911 | D:6      | Killed Duvessa
  6911 | D:6      | Reached XP level 9. HP: 67/67 MP: 6/18
  6917 | D:6      | Killed Dowan
  7046 | D:6      | Noticed Edmund
  7060 | D:6      | Killed Edmund
  7278 | D:6      | Found a bloodstained altar of Trog.
  7779 | D:7      | Reached skill level 7 in Air Magic
  8152 | D:7      | Noticed Pikel
  8181 | D:7      | Killed Pikel
  8362 | D:7      | Noticed a gargoyle
  8370 | D:7      | Reached ** piety under Hepliaklqana
  8371 | D:7      | Remembered your ancestor Tochtli as a battlemage
  8379 | D:7      | Killed a gargoyle
  8415 | D:7      | Noticed Prince Ribbit
  8436 | D:7      | Killed Prince Ribbit
  8436 | D:7      | Reached skill level 8 in Air Magic
  8509 | D:7      | Noticed Joseph
  8677 | D:7      | Reached XP level 10. HP: 78/79 MP: 14/21
  8704 | D:7      | Killed Joseph
  9138 | D:7      | Found a snail-covered altar of Cheibriados.
  9226 | D:7      | Learned a level 5 spell: Lightning Bolt
  9724 | D:8      | Found Yxtoufug's Magic Scroll Shoppe.
  9729 | D:8      | Bought a scroll of summoning for 142 gold pieces
  9729 | D:8      | Bought a scroll of identify for 30 gold pieces
 11645 | D:8      | Noticed Psyche
 11649 | D:8      | Killed Psyche
 11761 | D:8      | Reached skill level 9 in Air Magic
 12129 | D:8      | Found a staircase to the Lair.
 12177 | D:8      | Reached *** piety under Hepliaklqana
 13228 | D:9      | Reached XP level 11. HP: 87/87 MP: 19/23
 14045 | D:10     | Entered Level 10 of the Dungeon
 14200 | D:10     | Reached skill level 5 in Dodging
 14481 | D:10     | Noticed Urug
 14779 | D:9      | Killed Urug
 15168 | D:10     | Learned a level 1 spell: Foxfire
 15379 | D:10     | Found a portal to a secret trove of treasure.
 15480 | D:10     | Killed an unseen horror
 15480 | D:10     | Reached skill level 5 in Conjurations
 16027 | Lair:1   | Entered Level 1 of the Lair of Beasts
 16091 | Lair:1   | Learned a level 5 spell: Summon Demon
 16191 | Lair:1   | Reached skill level 10 in Fighting
 16231 | Lair:1   | Reached skill level 1 in Summonings
 16252 | Lair:1   | Noticed an eight-headed hydra
 16263 | Lair:1   | Killed an eight-headed hydra
 17306 | Lair:2   | Reached skill level 5 in Stealth
 17406 | Lair:2   | Noticed Gastronok
 17435 | Lair:2   | Noticed a seven-headed hydra
 17840 | Lair:2   | Killed a seven-headed hydra
 17840 | Lair:2   | Reached XP level 12. HP: 75/95 MP: 25/25
 18086 | Lair:2   | Noticed a catoblepas
 18093 | Lair:2   | Killed a catoblepas
 18190 | Lair:2   | Reached **** piety under Hepliaklqana
 18736 | Lair:2   | Killed Gastronok
 19019 | Lair:3   | Noticed a boulder beetle
 19582 | Lair:2   | Killed a boulder beetle
 20089 | Lair:3   | Reached skill level 10 in Air Magic
 20091 | Lair:3   | Reached skill level 5 in Summonings
 20221 | Lair:3   | Found a staircase to the Swamp.
 20715 | Lair:3   | Found a runed translucent gate.
 20716 | Lair:3   | Found a runed translucent gate.
 20717 | Lair:3   | Found a runed translucent gate.
 20801 | Lair:3   | Reached XP level 13. HP: 101/101 MP: 11/26
 20803 | Lair:3   | Noticed a dire elephant
 20841 | Lair:2   | Killed a dire elephant
 21192 | Lair:3   | Reached ***** piety under Hepliaklqana
 21296 | Lair:3   | Noticed Ixoagrun's ghost (journeyman MiFi)
 21544 | Lair:3   | Reached skill level 10 in Dodging
 22011 | Lair:2   | Killed Ixoagrun's ghost
 22557 | Lair:4   | Identified a scroll of acquirement
 22557 | Lair:4   | Acquired 1243 gold pieces
 22859 | Lair:2   | Learned a level 4 spell: Sticky Flame
 23167 | Lair:4   | HP: 5/101 [boulder beetle (36)]
 24344 | Lair:4   | Found a staircase to the Shoals.
 25758 | Lair:4   | Reached skill level 10 in Spellcasting
 25914 | Lair:4   | Learned a level 2 spell: Searing Ray
 25931 | Lair:4   | Found the +8 whip "Snakebite" {curare, rPois}
 26867 | Lair:5   | Reached skill level 1 in Maces & Flails
 27097 | Lair:5   | Reached skill level 1 in Shields
 27598 | Lair:5   | Gained mutation: You have acidic saliva. [Yellow Draconian
                  | growth]
 27598 | Lair:5   | Reached XP level 14. HP: 108/108 MP: 9/28
 27695 | Lair:5   | Found a staircase to the Slime Pits.
 28341 | Lair:6   | Entered Level 6 of the Lair of Beasts
 28344 | Lair:6   | Found a gate leading to a gauntlet.
 28363 | Gauntlet | Entered a Gauntlet
 28363 | Gauntlet | Found a transporter.
 28363 | Gauntlet | Found a transporter.
 28363 | Gauntlet | Found a transporter.
 28363 | Gauntlet | Found the amulet of the Air {Inacc +Fly rElec EV+5 RMsl}
 28364 | Gauntlet | Found a transporter.
 28367 | Gauntlet | Found a transporter.
 28377 | Gauntlet | Found a transporter.
 28444 | Gauntlet | Found a transporter.
 28456 | Gauntlet | Found a transporter.
 28470 | Gauntlet | Found a transporter.
 28480 | Gauntlet | Found a transporter.
 28495 | Gauntlet | Found a transporter.
 28501 | Gauntlet | Found a transporter.
 28689 | Gauntlet | Got a spiked hat
 28700 | Gauntlet | Identified the cursed -1 hat of Duty {Rampage rCorr} (You
                  | found it in a Gauntlet)
 28773 | Gauntlet | Got a pair of warped gloves
 28783 | Gauntlet | Identified the +2 pair of gloves of Fortification {rF+
                  | rCorr Str+3 Stlth+} (You found it in a Gauntlet)
 28843 | Gauntlet | Identified the ring of the Everdark {*Tele Str+8}
 28865 | Gauntlet | Identified the Tome of the Frostbite and Venom
 30396 | Lair:6   | Reached skill level 11 in Air Magic
 30577 | Lair:6   | Upgraded the game from 0.26-a0-739-gf55cbd344a to
                  | 0.26-a0-752-gcff87cac9a
 31668 | Lair:6   | Identified a +0 pair of boots of running (You found it on
                  | level 6 of the Lair of Beasts)
 32064 | D:11     | Reached skill level 12 in Air Magic
 32379 | D:11     | Reached XP level 15. HP: 113/113 MP: 16/30
 33608 | D:12     | Found a staircase to the Orcish Mines.
 33633 | D:12     | Found a roughly hewn altar of Beogh.
 34195 | D:13     | Found a gate to the Vaults.
 34479 | D:13     | Noticed Sonja
 34485 | D:13     | Killed Sonja
 34601 | D:13     | Reached skill level 10 in Summonings
 34891 | D:13     | Reached skill level 13 in Air Magic
 36735 | D:15     | Entered Level 15 of the Dungeon
 36974 | D:15     | Reached skill level 14 in Air Magic
 37102 | D:15     | Found a staircase to the Depths.
 37958 | D:15     | Learned a level 2 spell: Poisonous Vapours
 37964 | D:15     | Reached skill level 1 in Evocations
 37969 | D:15     | Learned a level 3 spell: Mephitic Cloud
 38203 | Orc:1    | Entered Level 1 of the Orcish Mines
 38306 | Orc:1    | Learned a level 3 spell: Conjure Flame
 38463 | Orc:1    | Found a transporter.
 38466 | Orc:1    | Noticed mhtbhm's ghost (journeyman MiBe)
 38733 | Orc:1    | Found a transporter.
 39043 | Orc:2    | Entered Level 2 of the Orcish Mines
 39151 | Orc:2    | Reached ****** piety under Hepliaklqana
 39441 | Orc:2    | Found a staircase to the Elven Halls.
 39671 | Orc:2    | Noticed an orc warlord
 40149 | Orc:2    | Reached skill level 15 in Air Magic
 40214 | Orc:2    | Paralysed by an orc sorcerer for 6 turns
 40944 | Orc:2    | Killed an orc warlord
 41101 | Orc:2    | Found a roughly hewn altar of Beogh.
 41118 | Orc:2    | Reached XP level 16. HP: 120/120 MP: 19/31
 41389 | Orc:2    | Found Edemm's General Store.
 41390 | Orc:2    | Found Jaehisuu's Jewellery Boutique.
 41391 | Orc:2    | Found Orhoch Garch's Antique Armour Shop.
 41391 | Orc:2    | Found Ubemulul's Antique Weapon Shop.
 41395 | Orc:2    | Bought a glowing scarf for 200 gold pieces
 41706 | Swamp:1  | Entered Level 1 of the Swamp
 42327 | Swamp:1  | Paralysed by a hornet for 2 turns
 42694 | Orc:2    | Bought a brightly glowing hand axe for 192 gold pieces
 42694 | Orc:2    | Bought a bloodstained morningstar for 216 gold pieces
 42694 | Orc:2    | Identified the +4 hand axe of Emedgh {pain, MR+ Int-4
                  | Dex+5} (You bought it in a shop on level 2 of the Orcish
                  | Mines)
 42695 | Orc:2    | Identified the +9 morningstar of the Equator {freeze, rN++
                  | MR- MP+9 Dex+4} (You bought it in a shop on level 2 of the
                  | Orcish Mines)
 42706 | Orc:2    | Bought the ring "Liefi" {rPois rF- rC+ SInv} for 400 gold
                  | pieces
 43038 | Swamp:1  | Noticed Frances
 43064 | Swamp:1  | Killed Frances
 43397 | Swamp:1  | Reached skill level 5 in Evocations
 43496 | Swamp:1  | Noticed a tentacled monstrosity
 43515 | Swamp:1  | Killed a tentacled monstrosity
 43515 | Swamp:1  | Reached skill level 16 in Air Magic
 44565 | Swamp:2  | Found a runed translucent door.
 44567 | Swamp:2  | Noticed Schnaeble's ghost (journeyman MiBe)
 44568 | Swamp:2  | Identified the +8 chain mail "Alufa" {rPois Regen+ rCorr
                  | Dex-2}
 44568 | Swamp:2  | Identified the +2 trident of Baimirph {vorpal, SInv}
 44968 | Swamp:2  | Found the +2 ratskin cloak {*Rats rPois rN+ Str-1 Int-1
                  | Dex+1}
 45479 | Swamp:2  | Killed Schnaeble's ghost
 46493 | Swamp:3  | Noticed Nikola
 46513 | Swamp:3  | Killed Nikola
 46513 | Swamp:3  | Reached skill level 17 in Air Magic
 47172 | Swamp:4  | Entered Level 4 of the Swamp
 47210 | Swamp:4  | Noticed a tentacled monstrosity
 47219 | Swamp:4  | Killed a tentacled monstrosity
 48835 | Swamp:4  | Reached skill level 18 in Air Magic
 48997 | Swamp:4  | Reached XP level 17. HP: 107/126 MP: 27/32
 49572 | Swamp:4  | Learned a level 4 spell: Hailstorm
 49779 | Swamp:3  | Upgraded the game from 0.26-a0-752-gcff87cac9a to
                  | 0.26-a0-757-g626ac9e51a
 49883 | Swamp:4  | Got a decaying rune of Zot
 50069 | Shoals:1 | Entered Level 1 of the Shoals
 51432 | Shoals:2 | Noticed Roxanne
 51452 | Shoals:2 | Killed Roxanne
 51541 | Shoals:2 | Noticed a kraken
 51581 | Shoals:2 | Killed a kraken
 51581 | Shoals:2 | Reached skill level 19 in Air Magic
 51710 | Shoals:2 | Found Yfiza's Jewellery Emporium.
 52023 | Shoals:2 | Noticed a kraken
 52036 | Shoals:2 | Killed a kraken
 53347 | Shoals:3 | Noticed Aizul
 53368 | Shoals:3 | Killed Aizul
 53843 | Shoals:4 | Entered Level 4 of the Shoals
 53843 | Shoals:4 | Noticed Mara
 53857 | Shoals:3 | Noticed Polyphemus
 54232 | Shoals:3 | Killed Polyphemus
 54482 | Shoals:3 | Noticed Ilsuiw
 54867 | Shoals:2 | Killed Ilsuiw
 55385 | Shoals:3 | Noticed a kraken
 55401 | Shoals:3 | Killed a kraken
 55994 | Shoals:4 | Learned a level 4 spell: Summon Lightning Spire
 56069 | Shoals:3 | Learned a level 6 spell: Conjure Ball Lightning
 56075 | Shoals:3 | Learned a level 4 spell: Summon Ice Beast
 56098 | Shoals:4 | Noticed Donald
 56636 | Shoals:3 | Killed Donald
 57233 | Shoals:4 | Noticed tzalcoatl's illusion
 58025 | Shoals:4 | Identified the cursed +1 spear of Wounding {flame, *Noise
                  | Int+4 Dex+4}
 59244 | Shoals:4 | Got a barnacled rune of Zot
 59300 | Shoals:4 | Reached XP level 18. HP: 125/135 MP: 14/33
 59571 | Shoals:4 | Noticed tzalcoatl's illusion
 59579 | Shoals:4 | Killed Mara
 59579 | Shoals:4 | Reached skill level 20 in Air Magic
 59841 | Shoals:4 | Noticed Kirke
 59854 | Shoals:4 | Killed Kirke
 61229 | Depths:1 | Entered Level 1 of the Depths
 61643 | Vaults:1 | Entered Level 1 of the Vaults
 62882 | Vaults:1 | Learned a level 3 spell: Static Discharge
 62889 | Vaults:1 | Learned a level 5 spell: Lightning Bolt
 63103 | Vaults:1 | Acquired the +3 hat of Pondering {ponderous, MR+ MP+10
                  | Int+5}
 63104 | Vaults:1 | Found the +3 hat of Pondering {ponderous, MR+ MP+10 Int+5}
 63673 | Vaults:2 | Found Fyallas's Assorted Antiques.
 63676 | Vaults:2 | Bought a scroll of fog for 88 gold pieces
 63676 | Vaults:2 | Bought an inky potion for 39 gold pieces
 64204 | Vaults:2 | Reached skill level 5 in Invocations
 66788 | Vaults:3 | Reached XP level 19. HP: 100/145 MP: 35/35
 67255 | Vaults:3 | Found a runed translucent gate.
 67258 | Vaults:3 | Found a runed translucent gate.
 67258 | Vaults:3 | Found a runed translucent gate.
 67258 | Vaults:3 | Noticed quaternion's ghost (veteran MiFi)
 67296 | Vaults:3 | Reached skill level 21 in Air Magic
 67615 | Vaults:3 | Learned a level 6 spell: Shadow Creatures
 68251 | Vaults:3 | Found a staircase to the Crypt.
 68554 | Vaults:3 | Killed quaternion's ghost
 72345 | Vaults:4 | Found Goruezown's Armour Shoppe.
 72606 | Vaults:4 | Gained mutation: Your magical capacity is low. (-10% MP)
                  | [potion of mutation]
 72606 | Vaults:4 | Gained mutation: You passively map a small area around you.
                  | [potion of mutation]
 72606 | Vaults:4 | Gained mutation: Your natural rate of healing is unusually
                  | fast. [potion of mutation]
 72606 | Vaults:4 | Gained mutation: You passively map the area around you.
                  | [potion of mutation]
 72607 | Vaults:4 | Lost mutation: Your magical capacity is low. (-10% MP)
                  | [potion of mutation]
 72607 | Vaults:4 | Lost mutation: Your natural rate of healing is unusually
                  | fast. [potion of mutation]
 72607 | Vaults:4 | Gained mutation: Your spells are a little easier to cast,
                  | but a little less powerful. [potion of mutation]
 72607 | Vaults:4 | Gained mutation: Potions are less effective at restoring
                  | your health. [potion of mutation]
 72607 | Vaults:4 | Gained mutation: You have large cloven feet. [potion of
                  | mutation]
 72608 | Vaults:4 | Lost mutation: Your spells are a little easier to cast, but
                  | a little less powerful. [potion of mutation]
 72608 | Vaults:4 | Lost mutation: You have large cloven feet. [potion of
                  | mutation]
 72608 | Vaults:4 | Lost mutation: You passively map the area around you.
                  | [potion of mutation]
 72608 | Vaults:4 | Lost mutation: Potions are less effective at restoring your
                  | health. [potion of mutation]
 72608 | Vaults:4 | Gained mutation: You are frail. (-10% HP) [potion of
                  | mutation]
 72608 | Vaults:4 | Gained mutation: You are somewhat resistant to further
                  | mutation. [potion of mutation]
 72609 | Vaults:4 | Lost mutation: You are frail. (-10% HP) [potion of
                  | mutation]
 72609 | Vaults:4 | Lost mutation: You passively map a small area around you.
                  | [potion of mutation]
 72821 | Elf:1    | Entered Level 1 of the Elven Halls
 73031 | Elf:1    | Reached skill level 22 in Air Magic
 73775 | Elf:1    | Reached XP level 20. HP: 156/156 MP: 36/36
 74363 | Elf:1    | Identified Sif Muna's Disquisition on Creative Battle Magic
 75007 | Elf:2    | Found a shimmering blue altar of Sif Muna.
 75455 | Elf:2    | Found Syupt's Jewellery Boutique.
 75463 | Elf:2    | Bought the ring of Modesty {rElec rN+ Dex+7 Slay-5} for 277
                  | gold pieces
 75960 | Elf:2    | Found a huge runed translucent gate.
 75960 | Elf:2    | Found a huge runed translucent gate.
 75960 | Elf:2    | Found a huge runed translucent gate.
 75960 | Elf:2    | Found a huge runed translucent gate.
 75961 | Elf:2    | Found a huge runed translucent gate.
 77349 | Elf:3    | Entered Level 3 of the Elven Halls
 77798 | Elf:3    | Found Mat Pax's Gadget Boutique.
 77821 | Elf:3    | Found Onwo's Jewellery Shoppe.
 77822 | Elf:3    | Found Cisamaox's Gadget Boutique.
 79395 | Elf:3    | Noticed Asterion
 79417 | Elf:3    | Killed Asterion
 80109 | Elf:3    | Reached skill level 23 in Air Magic
 80705 | Elf:3    | Identified the cursed +2 mace of the Lame Duck {holy, rElec
                  | rC+ Str+6}
 80935 | Elf:3    | Identified the Handbook of Venomous Displacement
 80948 | Elf:3    | Learned a level 2 spell: Blink
 81003 | Elf:3    | Identified the +6 great mace of Massacring {vorpal, rF+ MR-
                  | Int+8} (You found it on level 3 of the Elven Halls)
 81106 | Elf:3    | Found the +11 plutonium sword {*Contam Stlth-}
 81136 | Elf:3    | Identified the ring of Fiejax {+Blink MP+9 Int+2 Slay+2}
                  | (You found it on level 3 of the Elven Halls)
 81145 | Elf:3    | Identified the +6 hunting sling of Vyxkageeff {freeze, rF+
                  | rC+ Str+3} (You found it on level 3 of the Elven Halls)
 81164 | Elf:3    | Identified the +9 spear of the Shining Light {elec, rN+
                  | MP+9} (You found it on level 3 of the Elven Halls)
 81682 | Swamp:3  | Identified the +6 falchion of the Turnip {speed, MR- MP+9
                  | Int+4 Dex+3} (You found it on level 3 of the Swamp)
 83227 | D:15     | Upgraded the game from 0.26-a0-757-g626ac9e51a to
                  | 0.26-a0-771-g060e6a62af
 83281 | Depths:1 | Found a one-way gate to the infinite horrors of the Abyss.
 83445 | Depths:1 | Reached skill level 1 in Polearms
 83952 | Depths:1 | Identified the +10 rapier of Dihoest {drain, rF+ MR+
                  | Stlth+}
 84534 | Depths:1 | Reached XP level 21. HP: 155/163 MP: 37/37
 84558 | Depths:1 | Found a gateway to Hell.
 84903 | Depths:2 | Noticed Saint Roka
 86200 | Temple   | Entered the Ecumenical Temple
 86556 | Temple   | Fell from the grace of Hepliaklqana
 86556 | Temple   | Became a worshipper of Vehumet
 87336 | Depths:2 | Noticed a golden dragon
 87984 | Depths:2 | Noticed a golden dragon
 88239 | Depths:2 | Killed Saint Roka
 88239 | Depths:2 | Reached * piety under Vehumet
 88262 | Depths:2 | Killed a golden dragon
 89423 | D:8      | Bought a scroll of holy word for 112 gold pieces
 89423 | D:8      | Bought a scroll of teleportation for 45 gold pieces
 89423 | D:8      | Bought a scroll of teleportation for 45 gold pieces
 89423 | D:8      | Bought a scroll of teleportation for 45 gold pieces
 89423 | D:8      | Bought a scroll of fear for 52 gold pieces
 89423 | D:8      | Bought a scroll of magic mapping for 52 gold pieces
 89423 | D:8      | Bought a scroll of magic mapping for 52 gold pieces
 89423 | D:8      | Bought a scroll of magic mapping for 52 gold pieces
 89593 | Orc:2    | Bought a scroll of teleportation for 39 gold pieces
 89593 | Orc:2    | Bought a scroll of identify for 26 gold pieces
 91021 | Vaults:2 | Bought a potion of might for 176 gold pieces
 91021 | Vaults:2 | Bought a scroll of identify for 88 gold pieces
 91111 | D:10     | You paid a toll of +2 gold dragon scales to enter a
                  | treasure trove
 91112 | Trove    | Entered a treasure trove
 91124 | Trove    | Learned a level 2 spell: Sublimation of Blood
 91170 | Trove    | Learned a level 9 spell: Tornado
 91432 | Trove    | Identified Sozient's Reference Book on Gliding Combat Magic
 92088 | Depths:2 | Found a gateway to a ziggurat.
 92590 | D:8      | Bought a scroll of amnesia for 52 gold pieces
 92598 | D:8      | Learned a level 6 spell: Conjure Ball Lightning
 93665 | Elf:3    | Bought a wand of disintegration (9) for 130 gold pieces
 93669 | Elf:3    | Bought a wand of paralysis (10) for 204 gold pieces
 93669 | Elf:3    | Bought a wand of paralysis (10) for 204 gold pieces
 93673 | Elf:3    | Bought a wand of digging (4) for 160 gold pieces
 93959 | Depths:2 | Noticed a juggernaut
 93962 | Depths:2 | Noticed a juggernaut
 93969 | Depths:2 | Killed a golden dragon
 94356 | Depths:2 | Killed a juggernaut
 95953 | Depths:3 | Reached ** piety under Vehumet
 96132 | Depths:3 | Upgraded the game from 0.26-a0-771-g060e6a62af to
                  | 0.26-a0-778-g3fe0686644
 96211 | Depths:2 | Learned a level 6 spell: Freezing Cloud
 96850 | Depths:3 | Reached *** piety under Vehumet
 97782 | Depths:3 | Found a one-way gate leading to the halls of Pandemonium.
 98270 | Depths:3 | Identified the Papyrus of Torrid Enchantment
 98276 | Depths:3 | Identified the Volume of Captivating Translocation
 98411 | Depths:4 | Reached **** piety under Vehumet
 99190 | Depths:4 | Offered knowledge of Iskenderun's Battlesphere by Vehumet.
 99333 | Depths:4 | Found a runed translucent door.
100025 | Depths:4 | Noticed a golden dragon
100027 | Depths:4 | Noticed a golden dragon
100059 | Depths:4 | Killed a golden dragon
100092 | Depths:4 | Killed a golden dragon
100783 | Depths:4 | Identified the cursed +1 lajatang of Xyff {flame, rN+}
100800 | Depths:4 | Identified the +1 falchion "Demonbane" {drain, rElec rF+
                  | Dex-5} (You found it on level 4 of the Depths)
100806 | Depths:4 | Identified the Volume of Enchantment and Air
100808 | Depths:4 | Identified the Almanac of Blows and Bruises
100901 | Depths:4 | Noticed a juggernaut
100921 | Depths:4 | Killed a juggernaut
100953 | Depths:4 | Paralysed by a lich for 5 turns
102509 | Depths:4 | Identified the +5 flail of Gisko {pain, Dex+2} (You found
                  | it on level 4 of the Depths)
102590 | Depths:4 | Noticed a golden dragon
102595 | Depths:4 | Reached ***** piety under Vehumet
102601 | Depths:4 | Killed a golden dragon
102601 | Depths:4 | Offered knowledge of Orb of Destruction by Vehumet.
102729 | Depths:5 | Entered Level 5 of the Depths
102937 | Depths:5 | Found Duohot's Weapon Boutique.
103037 | Depths:5 | Found Plog's Antique Armour Shop.
103074 | Depths:5 | Found a huge runed gate.
103080 | Depths:5 | Found a huge runed gate.
103113 | Depths:5 | Found a huge runed gate.
103113 | Depths:5 | Found a huge runed gate.
103114 | Depths:5 | Found a huge runed gate.
103119 | Depths:5 | Found a huge runed gate.
103119 | Depths:5 | Found a huge runed gate.
103119 | Depths:5 | Found a huge runed gate.
103140 | Depths:5 | Found a huge runed gate.
103140 | Depths:5 | Found a huge runed gate.
103164 | Depths:5 | Found a huge runed gate.
103164 | Depths:5 | Found a huge runed gate.
103164 | Depths:5 | Found a huge runed gate.
103164 | Depths:5 | Found a huge runed gate.
103164 | Depths:5 | Found a huge runed gate.
103164 | Depths:5 | Found a huge runed gate.
103165 | Depths:5 | Found a huge runed gate.
103166 | Depths:5 | Found a huge runed gate.
103167 | Depths:5 | Found a huge runed gate.
103168 | Depths:5 | Found a huge runed gate.
105897 | Depths:4 | Voluntarily entered the Abyss.
106877 | Abyss:2  | Gained mutation: You are clumsy. (Dex -2) [a neqoxec]
107115 | Depths:4 | Escaped the Abyss
107171 | Depths:4 | Voluntarily entered the Abyss.
107171 | Abyss:1  | Found a corrupted altar of Lugonu.
107191 | Abyss:1  | Offered knowledge of Spellforged Servitor by Vehumet.
107213 | Abyss:1  | Paralysed by a lich for 2 turns
107248 | Depths:4 | Escaped the Abyss
107623 | Depths:4 | Voluntarily entered the Abyss.
107907 | Abyss:1  | Paralysed by you for 6 turns
108152 | Depths:4 | Escaped the Abyss
108566 | Depths:4 | Voluntarily entered the Abyss.
108975 | Depths:4 | Escaped the Abyss
109177 | Depths:4 | Voluntarily entered the Abyss.
109309 | Abyss:1  | Was forgiven by Hepliaklqana
109681 | Abyss:1  | Reached skill level 1 in Slings
110109 | Abyss:1  | Reached skill level 15 in Fighting
110116 | Depths:4 | Escaped the Abyss
110429 | Depths:4 | Voluntarily entered the Abyss.
110429 | Abyss:1  | Found a corrupted altar of Lugonu.
110683 | Abyss:1  | Found a corrupted altar of Lugonu.
111145 | Depths:4 | Escaped the Abyss
111493 | Depths:4 | Voluntarily entered the Abyss.
111575 | Abyss:1  | Offered knowledge of Starburst by Vehumet.
111907 | Abyss:1  | Reached skill level 24 in Air Magic
112137 | Abyss:1  | Found a corrupted altar of Lugonu.
112283 | Abyss:1  | Paralysed by accursed screaming for 1 turns
112287 | Abyss:1  | Paralysed by accursed screaming for 1 turns
112632 | Abyss:2  | Found a sparkling altar of Nemelex Xobeh.
112812 | Depths:4 | Escaped the Abyss
113091 | Depths:5 | Found a gate to the Realm of Zot.
113620 | Depths:5 | Reached skill level 10 in Evocations
114979 | Depths:5 | Identified the cursed +0 short sword of Disgust {vorpal,
                  | *Corrode Str+4 Int+3 Dex+4} (You found it on level 5 of the
                  | Depths)
115522 | Slime:1  | Entered Level 1 of the Pits of Slime
116183 | Slime:2  | Reached ****** piety under Vehumet
116325 | Slime:2  | Offered knowledge of Iron Shot by Vehumet.
116865 | Slime:3  | Reached XP level 22. HP: 183/198 MP: 38/38
118050 | Slime:4  | Offered knowledge of Iron Shot by Vehumet.
118516 | Slime:5  | Entered Level 5 of the Pits of Slime
119350 | Slime:5  | Gained mutation: Your body sometimes deteriorates upon
                  | taking damage. [a shining eye]
119802 | Slime:5  | Found a viscous altar of Jiyva.
119846 | Slime:5  | Reached skill level 25 in Air Magic
119996 | Slime:5  | Noticed the Royal Jelly
120023 | Slime:5  | Killed the Royal Jelly
120462 | Slime:5  | Identified the +6 battleaxe of Moderation {drain, rElec rF+
                  | Int-4} (You found it on level 5 of the Pits of Slime)
120486 | Slime:5  | Identified the ring "Retiamah" {rPois MR+ MP+9 Str+6 Int-3}
                  | (You found it on level 5 of the Pits of Slime)
120500 | Slime:5  | Got a slimy rune of Zot
120510 | Slime:5  | Identified the +3 long sword "Ifrivul" {venom, Fragile rN+
                  | Int+2} (You found it on level 5 of the Pits of Slime)
120564 | Slime:5  | Identified the +3 trident of Infinite Pain {drain, Str+5}
                  | (You found it on level 5 of the Pits of Slime)
121127 | Elf:3    | Bought a wand of enslavement (4) for 60 gold pieces
121127 | Elf:3    | Bought a wand of acid (6) for 200 gold pieces
121397 | Vaults:4 | Lost mutation: Your body sometimes deteriorates upon taking
                  | damage. [potion of mutation]
121397 | Vaults:4 | Lost mutation: You are somewhat resistant to further
                  | mutation. [potion of mutation]
121397 | Vaults:4 | Gained mutation: You are frail. (-10% HP) [potion of
                  | mutation]
121397 | Vaults:4 | Gained mutation: You possess an exceptional clarity of
                  | mind. [potion of mutation]
121397 | Vaults:4 | Gained mutation: Your mind is acute. (Int +2) [potion of
                  | mutation]
121398 | Vaults:4 | Lost mutation: You are clumsy. (Dex -2) [potion of
                  | mutation]
121398 | Vaults:4 | Lost mutation: You possess an exceptional clarity of mind.
                  | [potion of mutation]
121398 | Vaults:4 | Gained mutation: You possess an exceptional clarity of
                  | mind. [potion of mutation]
121398 | Vaults:4 | Gained mutation: Your system is resistant to poisons.
                  | (rPois) [potion of mutation]
121398 | Vaults:4 | Gained mutation: Your flesh is cold resistant. (rC+)
                  | [potion of mutation]
121403 | Vaults:5 | Entered Level 5 of the Vaults
122055 | Vaults:5 | Identified the +12 morningstar of Ewnousud {vorpal, rN+
                  | Int+4}
122066 | Vaults:5 | Offered knowledge of Starburst by Vehumet.
122316 | Vaults:5 | Identified the +1 pair of boots of Mezcal {-Tele +Fly MR-
                  | Int+8} (You found it on level 5 of the Vaults)
122472 | Vaults:5 | Reached XP level 23. HP: 58/191 MP: 38/39
123003 | Vaults:5 | Identified the cursed +1 robe "Gamomel" {-Cast rElec rN++
                  | Int-3}
123051 | Vaults:5 | Identified the ring of Generosity {*Slow +Fly Int+5}
123073 | Vaults:5 | Identified the +6 hand crossbow of Anger {venom, rPois rC+
                  | Str+2}
123225 | Vaults:5 | Identified the +10 shortbow of Certain Death {vorpal, MP+9
                  | Dex+3}
123878 | Vaults:4 | Offered knowledge of Lehudib's Crystal Spear by Vehumet.
124771 | Vaults:5 | Reached skill level 26 in Air Magic
125430 | Vaults:5 | Got a silver rune of Zot
125596 | Vaults:5 | Found the +2 hat of the Bear Spirit {Spirit, +Rage rN+
                  | MR++}
125601 | Vaults:5 | Identified the Disquisition on the Vitriolic Birds
125604 | Vaults:5 | Identified the cursed +0 fustibalus of a volcano {venom,
                  | Str+2 Int+3 Stlth+} (You found it on level 5 of the Vaults)
126581 | Vaults:5 | Found Erentil's Magic Scroll Boutique.
126581 | Vaults:5 | Found Qusaker's Magic Scroll Emporium.
126585 | Vaults:5 | Bought a scroll of immolation for 56 gold pieces
126585 | Vaults:5 | Bought a scroll of teleportation for 48 gold pieces
126585 | Vaults:5 | Bought a scroll of enchant armour for 120 gold pieces
126585 | Vaults:5 | Bought a scroll of identify for 32 gold pieces
126585 | Vaults:5 | Bought a scroll of immolation for 56 gold pieces
126585 | Vaults:5 | Bought a scroll of identify for 32 gold pieces
126592 | Vaults:5 | Bought a scroll of silence for 105 gold pieces
126592 | Vaults:5 | Bought a scroll of holy word for 105 gold pieces
126592 | Vaults:5 | Bought 3 scrolls of fear for 147 gold pieces
126592 | Vaults:5 | Bought a scroll of summoning for 133 gold pieces
126646 | Vaults:5 | Found Rukosm's Distillery.
126650 | Vaults:5 | Bought a potion of mutation for 128 gold pieces
126650 | Vaults:5 | Bought a potion of curing for 48 gold pieces
126650 | Vaults:5 | Bought a potion of brilliance for 64 gold pieces
126650 | Vaults:5 | Bought a potion of curing for 48 gold pieces
126650 | Vaults:5 | Bought a potion of heal wounds for 80 gold pieces
126650 | Vaults:5 | Bought a potion of heal wounds for 80 gold pieces
126650 | Vaults:5 | Bought a potion of haste for 160 gold pieces
126650 | Vaults:5 | Bought a potion of might for 64 gold pieces
126650 | Vaults:5 | Bought a potion of heal wounds for 80 gold pieces
126650 | Vaults:5 | Bought a potion of mutation for 128 gold pieces
126662 | Vaults:5 | Found Pianieze's Magic Scroll Emporium.
126666 | Vaults:5 | Bought a scroll of summoning for 180 gold pieces
126666 | Vaults:5 | Bought a scroll of fog for 38 gold pieces
126666 | Vaults:5 | Bought a scroll of immolation for 66 gold pieces
126674 | Vaults:5 | Found Hiuwell's Distillery.
126678 | Vaults:5 | Bought a potion of curing for 60 gold pieces
126678 | Vaults:5 | Bought a potion of heal wounds for 100 gold pieces
126678 | Vaults:5 | Bought a potion of curing for 60 gold pieces
126678 | Vaults:5 | Bought a potion of curing for 60 gold pieces
126678 | Vaults:5 | Bought 2 potions of cancellation for 320 gold pieces
126678 | Vaults:5 | Bought a potion of heal wounds for 100 gold pieces
126678 | Vaults:5 | Bought a potion of heal wounds for 100 gold pieces
126678 | Vaults:5 | Bought 2 potions of curing for 120 gold pieces
126678 | Vaults:5 | Bought 2 potions of magic for 320 gold pieces
126678 | Vaults:5 | Bought a potion of curing for 60 gold pieces
126688 | Vaults:5 | Found Puidghot's Distillery.
126692 | Vaults:5 | Bought a potion of resistance for 120 gold pieces
126692 | Vaults:5 | Bought a potion of heal wounds for 60 gold pieces
126692 | Vaults:5 | Bought a potion of might for 48 gold pieces
126692 | Vaults:5 | Bought a potion of mutation for 96 gold pieces
126692 | Vaults:5 | Bought a potion of curing for 36 gold pieces
126692 | Vaults:5 | Bought a potion of curing for 36 gold pieces
126692 | Vaults:5 | Bought a potion of curing for 36 gold pieces
126962 | Vaults:5 | Identified the +4 pair of boots of the Fife {rN+ Dex+2}
                  | (You found it on level 5 of the Vaults)
127215 | Crypt:1  | Entered Level 1 of the Crypt
127282 | Crypt:1  | Noticed Boris
127296 | Vaults:3 | Killed Boris
128139 | Crypt:1  | Offered knowledge of Lehudib's Crystal Spear by Vehumet.
128139 | Crypt:1  | Offered knowledge of Fire Storm by Vehumet.
128139 | Crypt:1  | Offered knowledge of Absolute Zero by Vehumet.
129167 | Crypt:1  | Found a basalt altar of Yredelemnul.
130326 | Crypt:2  | Found a runed translucent gate.
130340 | Crypt:2  | Found a runed translucent gate.
130341 | Crypt:2  | Found a runed translucent gate.
130344 | Crypt:2  | Found an opulent altar of Gozag.
130344 | Crypt:2  | Noticed Waammiq's ghost (veteran GrEE)
130347 | Crypt:2  | Found Esibrag's Assorted Antiques.
130682 | Crypt:2  | Reached XP level 24. HP: 141/201 MP: 33/39
130841 | Crypt:2  | Found an ancient bone altar of Kikubaaqudgha.
131766 | Crypt:3  | Entered Level 3 of the Crypt
132122 | Crypt:2  | Killed Waammiq's ghost
132408 | Crypt:2  | Bought a potion of magic for 296 gold pieces
132474 | Crypt:3  | Reached skill level 27 in Air Magic
133379 | Crypt:3  | Noticed Xtahua
133409 | Crypt:3  | Killed Xtahua
134010 | Crypt:3  | Found the +7 great mace "Undeadhunter" {disrupt, rN+}
134111 | Crypt:3  | Identified Putit's Papyrus of Creative Clay
134547 | Crypt:3  | Reached skill level 5 in Shields
134551 | Crypt:3  | Reached skill level 10 in Conjurations
134622 | Crypt:3  | Found an ancient bone altar of Kikubaaqudgha.
134715 | Crypt:3  | Upgraded the game from 0.26-a0-778-g3fe0686644 to
                  | 0.26-a0-800-g517d6fe721
134871 | Crypt:3  | Found a staircase to the Tomb.
135315 | Crypt:3  | Identified the +9 spear of Emeos {vorpal, rElec Dex+3}
135746 | Crypt:3  | Noticed an ancient lich
135780 | Crypt:3  | Killed an ancient lich
136016 | Crypt:3  | Reached skill level 10 in Stealth
136887 | Crypt:3  | Identified the cursed +0 halberd of Okawaru {venom, rElec}
                  | (You found it on level 3 of the Crypt)
136961 | Crypt:3  | Identified the ring "Jumukep" {+Blink rN+ MR- Int+4 SInv}
                  | (You found it on level 3 of the Crypt)
136962 | Crypt:3  | Identified the ring of Pride {rN+ Str+4} (You found it on
                  | level 3 of the Crypt)
137398 | Depths:1 | Voluntarily entered the Abyss.
138526 | Abyss:2  | Found a corrupted altar of Lugonu.
139129 | Abyss:2  | Found a corrupted altar of Lugonu.
139258 | Abyss:2  | Found a corrupted altar of Lugonu.
139739 | Abyss:2  | Found a corrupted altar of Lugonu.
139770 | Depths:1 | Escaped the Abyss
140789 | Depths:1 | Voluntarily entered the Abyss.
140988 | Abyss:1  | Reached XP level 25. HP: 187/207 MP: 40/40
141449 | Depths:1 | Escaped the Abyss
142977 | Depths:1 | Voluntarily entered the Abyss.
143597 | Abyss:1  | Paralysed by accursed screaming for 1 turns
143881 | Depths:1 | Escaped the Abyss
144311 | Depths:1 | Voluntarily entered the Abyss.
144406 | Abyss:2  | Noticed an ancient lich
144432 | Abyss:2  | Killed an ancient lich
144850 | Abyss:3  | Found an ancient bone altar of Kikubaaqudgha.
145565 | Abyss:3  | Found a shimmering altar of Xom.
145565 | Abyss:3  | Found a shimmering altar of Xom.
145566 | Abyss:3  | Found a shimmering altar of Xom.
146012 | Depths:1 | Escaped the Abyss
146273 | Depths:1 | Voluntarily entered the Abyss.
146273 | Abyss:1  | Found a corrupted altar of Lugonu.
146597 | Abyss:3  | Paralysed by accursed screaming for 1 turns
146799 | Abyss:3  | Paralysed by accursed screaming for 1 turns
147001 | Abyss:3  | Reached skill level 10 in Shields
147185 | Abyss:3  | Gained mutation: You do not regenerate when monsters are
                  | visible. [a neqoxec]
147186 | Abyss:3  | Gained mutation: You are clumsy. (Dex -2) [a neqoxec]
147214 | Abyss:3  | Paralysed by accursed screaming for 1 turns
147384 | Abyss:4  | HP: 10/207 [starcursed mass/accursed screaming (7)]
147411 | Abyss:4  | Noticed an ancient lich
147415 | Abyss:4  | Found a corrupted altar of Lugonu.
147425 | Abyss:4  | Paralysed by accursed screaming for 1 turns
147438 | Depths:1 | Escaped the Abyss
147895 | Zot:1    | Entered Level 1 of the Realm of Zot
147910 | Depths:5 | HP: 10/207 [death cob (17)]
147912 | Depths:5 | Mangled by a death cob

Illustrated notes

Levels and vault maps discovered:
D:1:      heliophobic_arrival_ceremonial_halls, layout_rooms,
          nemelex_altar_shiori
D:2:      layout_basic
D:3:      layout_rooms, minmay_misc_feat_rugged, minmay_liquid_box,
          fedhas_altar_1
D:4:      layout_gridville, uniq_sigmund
D:5:      layout_rooms, overflow_temple_1_default, overflow_temple_1_default
D:6:      layout_gridville, nicolae_overflow_hidden_temple,
          minmay_temple_entry_stoned_glass, basic_altar, uniq_grinder,
          uniq_edmund, uniq_duvessa
D:7:      layout_loops_ring, slow_altar_2, grunt_decor_junction, uniq_joseph,
          uniq_pikel, uniq_prince_ribbit1
D:8:      layout_layer_cave, grunt_lair_entry_orc_guard_hut, serial_shops, shop,
          uniq_psyche
D:9:      layout_loops_ring
D:10:     layout_rooms, enter_trove_0, grunt_ministairs_11, uniq_urug
D:11:     layout_rooms
D:12:     layout_basic, minmay_orc_entry_temple_small
D:13:     layout_stronghold, david_vaults_2, uniq_sonja
D:14:     layout_basic
D:15:     gammafunk_enter_depths_forms, layout_stronghold, minmay_misc_feat_five
Temple:   eino_narrow_crystal_temple
Lair:1:   layout_concentric_octagons, chequers_serial_rivers_micro_c
Lair:2:   layout_concentric_octagons, minivault_25, uniq_gastronok
Lair:3:   mu_elephants_graveyard, layout_regular_city, swamp_mist_pool,
          gammafunk_ghost_icy
Lair:4:   minmay_guarded_unrand_snakebite, layout_cave_pods,
          elwin_shoals_entry_rooms, eino_house_with_fridge
Lair:5:   layout_cave_pods, dpeg_slime_entry_corner, cheibrodos_lair_lostbears,
          serial_bayou_shore_b
Lair:6:   minmay_lair_end_frog_pond, layout_cave_pods, gauntlet_entry_generic,
          patterned_corridor
Swamp:1:  cheibrodos_swamp_monstrosity, layout_basic_swamp,
          evilmike_swamp_ruin_rubble_1, swamp_pool2,
          nicolae_swamp_spriggan_camp, uniq_frances
Swamp:2:  layout_basic_swamp, ebering_ghost_funeral_grove,
          nicolae_swamp_dense_foliage
Swamp:3:  layout_falls_marsh, serial_swamp_ruin, evilmike_swamp_ruin_house_1,
          evilmike_swamp_ruin_house_4, swamp_pool4, infiniplex_staircase_pool_2,
          uniq_nikola
Swamp:4:  swamp, layout_basic_swamp, swamp_pool1, worms_lemuel
Shoals:1: layout_shoals
Shoals:2: layout_shoals, serial_shops, shop, nicolae_shoals_kraken_intersection,
          uniq_roxanne
Shoals:3: layout_shoals, uniq_polyphemus, uniq_aizul, uniq_ilsuiw
Shoals:4: shoals_end_hangedman, layout_shoals, uniq_mara, uniq_donald,
          uniq_kirke
Slime:1:  layout_caves
Slime:2:  layout_caves
Slime:3:  layout_caves
Slime:4:  cheibrodos_slime_lost_civilization_3, layout_caves
Slime:5
Orc:1:    layout_caves, serial_shops, nicolae_shop_crystal,
          gammafunk_ghost_stat_death, uniq_jorgrun
Orc:2:    st_orc_congregation, layout_caves, basic_altar, mines_bat_river
Elf:1:    elf_arrival_002, layout_geoelf_grid, minmay_elf_sorcery, minivault_23,
          minivault_19
Elf:2:    layout_onion_city, serial_shops, shop, basic_altar
Elf:3:    elf_hall_gauntlet_wide, layout_loops_corners, minmay_shop_grove,
          uniq_asterion
Vaults:1: nicolae_vaults_network_square, v_misc_2, grunt_vaults_diagonal,
          hangedman_vaults_nodes, nicolae_vaults_stairing_the_circle, v_misc_30,
          vaults_room_fancy_cross, nicolae_vaults_specimen_jars,
          hangedman_vaults_trim, ontoclasm_vaults_twist, layout_vaults_ring
Vaults:2: v_rooms_4, nicolae_vaults_little_squares_4, hangedman_vaults_capsules,
          vaults_room_grid, vaults_dpeg_hooks, vaults_room_corners,
          vaults_mumra_minichess, layout_vaults_omnigrid, serial_shops,
          nicolae_shop_behind_doors
Vaults:3: gammafunk_vaults_ghost_spectres, hangedman_vaults_cutoff, v_misc_19,
          nicolae_vaults_circle_grid_b, blue_anna_dwarven_crypt,
          grunt_vaults_twisty, hangedman_vaults_unwind,
          nicolae_vaults_disjoint_gnomons, v_alt_pattern_6, v_misc_16,
          grunt_vaults_funnel, layout_vaults_chaotic_city
Vaults:4: vaults_standard_mumra_enter_the_diamond, hangedman_vaults_slice,
          hangedman_vaults_hat, nicolae_vaults_circle_grid_b,
          nicolae_vaults_quartermaster, v_misc_3,
          nicolae_vaults_little_squares_3, nicolae_vaults_puzzle_piece,
          v_misc_16, v_misc_30, nicolae_vaults_theta, vaults_dpeg_ring,
          layout_vaults_omnibox, serial_shops, shop_statue
Vaults:5
Crypt:1:  gammafunk_crypt_yreds_forest, layout_misc_corridors,
          grunt_ministairs_2, uniq_boris
Crypt:2:  cheibrodos_crypt_eye_of_stone, layout_catacombs, ebering_ghost_gozag
Crypt:3:  evilmike_haunted_forest, uniq_xtahua
Depths:1: layout_small_grid, hell_entry, abyss_entry, serial_bayou_pond_a,
          drop_trap, kennysheep_minor_cross, minivault_15, kennysheep_donut,
          minmay_orc_keep
Depths:2: hangedman_pleasuredromes, hell_entry, uniq_saint_roka
Depths:3: minmay_the_grid_triangle_9x9_recursive_2
          [minmay_the_grid_triangle_9x9_prize_center,
          minmay_the_grid_triangle_9x9_odd_lines,
          minmay_the_grid_triangle_9x9_flanged_cone,
          minmay_the_grid_triangle_9x9_from_above], layout_small_grid,
          grunt_pan_entry_spiral, hell_entry, minmay_staircase_windowed_large
Depths:4: little_maze_vault, layout_cave_shapes, hell_entry, abyss_entry,
          grunt_pan_entry_in_and_out, nrook_campfire, nicolae_lava_and_water,
          kennysheep_treasure_room
Depths:5: grunt_zot_entry_alcove, layout_gridlike,
          minmay_misc_feat_secret_circle, hellmouth_1, abyss_entry,
          not_door_vault_due, minmay_shoptagon
Zot:1:    layout_cellular_growth, grunt_megastairs_1

Skill      XL: |  1  2  3  4  5  6  7  8  9 10 11 12 13 14 15 16 17 18 19 20 21 22 23 24 25 |
---------------+----------------------------------------------------------------------------+-----
Stealth        | 2 3 4 5 7 8 9 11 14 | 14.4
Dodging        | 2 3 4 7 9 11 | 11.0
Fighting       | 1 2 4 5 7 9 10 11 12 14 16 19 20 | 20.0
Spellcasting   | 3 4 5 6 7 8 9 10 11 12 13 14 | 14.4
Conjurations   | 2 3 4 6 8 9 10 | 10.0
Air Magic      | 4 5 6 8 9 10 12 15 18 19 20 22 23 24 25 26 27 | 27.0
Invocations    | 2 6 |  6.0
Summonings     | 3 5 7 9 10 11 12 14 | 14.0
Maces & Flails | 2 4 |  4.0
Shields        | 2 4 8 10 | 10.5
Evocations     | 3 6 7 11 13 14 | 14.0
Polearms       | 2 |  2.0
Slings         | 2 3 |  3.0

Action                   |  1- 3 |  4- 6 |  7- 9 | 10-12 | 13-15 | 16-18 | 19-21 | 22-24 | 25-27 || total
-------------------------+-------+-------+-------+-------+-------+-------+-------+-------+-------++-------
Melee: Short sword       |    59 |    80 |   112 |    15 |       |       |       |       |       ||   266
       Unarmed           |     2 |       |     5 |       |       |       |       |       |       ||     7
       Tailslap          |     6 |     3 |    12 |    15 |    47 |    45 |    99 |   127 |    41 ||   395
       Dagger            |       |       |       |   134 |    62 |       |       |       |       ||   196
       Whip              |       |       |       |       |   257 |   313 |   180 |       |       ||   750
       Bite              |       |       |       |       |    22 |    26 |    87 |   108 |    23 ||   266
       Staff             |       |       |       |       |     7 |    31 |    29 |     2 |       ||    69
       Trident           |       |       |       |       |       |     6 |   100 |     9 |       ||   115
       Spear             |       |       |       |       |       |       |   744 |   888 |   254 ||  1886
       Mace              |       |       |       |       |       |       |    75 |    21 |    32 ||   128
       Rapier            |       |       |       |       |       |       |     9 |    50 |       ||    59
       Hunting sling     |       |       |       |       |       |       |     2 |       |       ||     2
 Fire: Hunting sling     |       |       |       |       |       |       |   113 |    35 |       ||   148
Throw: Dart              |     2 |    14 |     4 |     3 |       |       |       |       |       ||    23
       Boomerang         |       |       |       |       |     1 |       |       |       |       ||     1
       Throwing net      |       |       |       |       |       |     2 |       |       |       ||     2
 Cast: Shock             |    34 |   126 |   238 |   450 |   609 |    76 |       |       |       ||  1533
       Stone Arrow       |       |       |     2 |     1 |       |       |       |       |       ||     3
       Airstrike         |       |       |     6 |    15 |    33 |    72 |   148 |   433 |   135 ||   842
       Swiftness         |       |       |     1 |     5 |     3 |     2 |     9 |     3 |     2 ||    25
       Static Discharge  |       |       |     2 |    17 |    14 |     2 |    13 |   192 |    81 ||   321
       Lightning Bolt    |       |       |       |    11 |       |     9 |    50 |    59 |    14 ||   143
       Foxfire           |       |       |       |    40 |   258 |   566 |    88 |       |       ||   952
       Summon Demon      |       |       |       |       |    63 |   168 |   101 |       |       ||   332
       Sticky Flame      |       |       |       |       |    15 |    21 |       |       |       ||    36
       Searing Ray       |       |       |       |       |    74 |    43 |       |       |       ||   117
       Poisonous Vapours |       |       |       |       |    71 |   192 |   336 |    51 |       ||   650
       Conjure Flame     |       |       |       |       |     8 |     4 |       |       |       ||    12
       Mephitic Cloud    |       |       |       |       |     8 |    11 |    73 |     4 |     1 ||    97
       Hailstorm         |       |       |       |       |       |    16 |       |       |       ||    16
       Summon Lightning  |       |       |       |       |       |    36 |   292 |    71 |    29 ||   428
       Conjure Ball Ligh |       |       |       |       |       |    12 |     9 |       |       ||    21
       Summon Ice Beast  |       |       |       |       |       |    25 |     1 |       |       ||    26
       Shadow Creatures  |       |       |       |       |       |       |   517 |   172 |    57 ||   746
       Tornado           |       |       |       |       |       |       |    41 |    42 |    27 ||   110
       Sublimation of Bl |       |       |       |       |       |       |    16 |       |       ||    16
       Freezing Cloud    |       |       |       |       |       |       |    11 |     1 |       ||    12
Invok: Ancestor Identity |       |       |     1 |       |       |       |       |       |       ||     1
       Ancestor Life: Ba |       |       |     1 |       |       |       |       |       |       ||     1
       Recall Ancestor   |       |       |       |     3 |     7 |     9 |       |       |       ||    19
       Idealise          |       |       |       |       |     1 |     1 |    12 |       |       ||    14
       Transference      |       |       |       |       |       |     2 |     2 |       |       ||     4
 Abil: Breathe Acid      |       |       |     5 |    10 |    17 |    22 |    47 |    24 |     2 ||   127
       Evoke Flight      |       |       |       |       |       |     3 |     4 |     1 |     1 ||     9
       Evoke Blink       |       |       |       |       |       |       |       |    14 |     7 ||    21
Evoke: Wand              |       |       |     1 |       |     5 |     9 |    32 |    15 |     5 ||    67
       Phantom mirror    |       |       |       |     1 |       |     1 |     3 |       |       ||     5
       Box of beasts     |       |       |       |       |       |     2 |     3 |       |       ||     5
       Tin of tremorston |       |       |       |       |       |     2 |     1 |       |       ||     3
       Condenser vane    |       |       |       |       |       |       |     2 |       |       ||     2
       Lightning rod     |       |       |       |       |       |       |     4 |       |       ||     4
  Use: Scroll            |     3 |     3 |     3 |    14 |    26 |    26 |    46 |    27 |     4 ||   152
       Potion            |       |       |     3 |     3 |     2 |     6 |    35 |    21 |    22 ||    92
 Stab: Sleeping          |     4 |       |     2 |     1 |     1 |     4 |     8 |     6 |       ||    26
       Distracted        |       |       |     1 |     2 |     7 |    10 |    26 |    18 |     8 ||    72
       Paralysed         |       |       |       |     2 |       |    15 |       |     1 |     1 ||    19
       Petrified         |       |       |       |       |     3 |       |       |       |       ||     3
       Invisible         |       |       |       |       |       |     2 |       |       |       ||     2
       Confused          |       |       |       |       |       |     2 |    10 |       |       ||    12
Armor: Skin              |    20 |    48 |    68 |   141 |   162 |   199 |   493 |   418 |   123 ||  1672
Dodge: Dodged            |    48 |    92 |   133 |   304 |   463 |   731 |  1474 |  1052 |   446 ||  4743
       Repelled          |       |       |       |       |     3 |    22 |    61 |    33 |    14 ||   133
Block: Buckler           |       |       |       |       |    67 |   245 |   564 |   473 |   181 ||  1530

Table legend: (Time is in decaauts)
 A = Elapsed time spent in this place.
 B = Non-inter-level travel time spent in this place.
 C = Inter-level travel time spent in this place.
 D = Time resting spent in this place.
 E = Time spent auto-exploring this place.
 F = Levels seen in this place.
 G = Mean time per level.
                   A        B        C        D        E       F      G
               +--------+--------+--------+--------+--------+-----+--------+
         Total | 147782 | 133278 |  14504 |  47497 |  54234 |  76 | 1944.5 |
       Dungeon |  28408 |  22353 |   6055 |   6668 |  11821 |  15 | 1893.9 |
        Temple |    244 |    207 |     37 |      0 |    172 |   1 |  244.0 |
          Lair |  16845 |  14580 |   2265 |   4240 |   7472 |   6 | 2807.5 |
         Swamp |   8327 |   7347 |    980 |   1326 |   4743 |   4 | 2081.8 |
        Shoals |  10326 |   9776 |    550 |   4242 |   3847 |   4 | 2581.5 |
    Slime Pits |   5259 |   5188 |     71 |   1475 |   2635 |   5 | 1051.8 |
  Orcish Mines |   3979 |   3080 |    899 |     78 |   2336 |   2 | 1989.5 |
   Elven Halls |   9581 |   7867 |   1714 |   1813 |   4319 |   3 | 3193.7 |
        Vaults |  17576 |  16522 |   1054 |   6036 |   6734 |   5 | 3515.2 |
         Crypt |   9687 |   9553 |    134 |   3605 |   2503 |   3 | 3229.0 |
        Depths |  24609 |  23867 |    742 |  11692 |   7108 |   5 | 4921.8 |
           Zot |     10 |     10 |      0 |      0 |      0 |   1 |   10.0 |
         Abyss |  12028 |  12028 |      0 |   6083 |    352 |  20 |  601.4 |
         Trove |    336 |    336 |      0 |    204 |      0 |   1 |  336.0 |
      Gauntlet |    560 |    560 |      0 |     31 |    188 |   1 |  560.0 |
               +--------+--------+--------+--------+--------+-----+--------+

Top non-repeatable levels by time:
Depths:1: 6353 daAuts
 Abyss:1: 6132 daAuts
Depths:4: 5532 daAuts
Vaults:4: 4980 daAuts
Depths:2: 4909 daAuts
 Crypt:3: 4713 daAuts
Depths:5: 4568 daAuts
Vaults:3: 4345 daAuts
Shoals:3: 4008 daAuts
   Elf:3: 3980 daAuts
     D:8: 3858 daAuts
Vaults:5: 3677 daAuts
  Lair:4: 3514 daAuts
 Abyss:2: 3469 daAuts
  Lair:2: 3357 daAuts
